[ AOE2 MATCH · #466248791 ]
UnrankedCelts vs Persians
[ REPLAY ANALYSIS · EXTRACTED FROM THE RECORDED GAME ]
Feudal
—
Castle
—
Imperial
—
| APM avg | 34.8 |
| APM peak | 41 |
| eAPM avg | 9.6 |
| Villagers / military | 4 / 0 |
Focus
⚔️ 20.0% · 🌾 80.0%
Feudal
—
Castle
—
Imperial
—
| APM avg | 48.1 |
| APM peak | 101 |
| eAPM avg | 32.3 |
| Villagers / military | 5 / 0 |
Focus
⚔️ 11.1% · 🌾 88.9%
Feudal
—
Castle
—
Imperial
—
| APM avg | 38.2 |
| APM peak | 46 |
| eAPM avg | 10.2 |
| Villagers / military | 4 / 0 |
Focus
⚔️ 5.0% · 🌾 95.0%
Feudal
—
Castle
—
Imperial
—
| APM avg | 2.0 |
| APM peak | 4 |
| eAPM avg | 1.4 |
| Villagers / military | 0 / 0 |
Focus
⚔️ 0.0% · 🌾 100.0%
Feudal
—
Castle
—
Imperial
—
| APM avg | 11.0 |
| APM peak | 28 |
| eAPM avg | 4.0 |
| Villagers / military | 0 / 0 |
Focus
⚔️ 20.0% · 🌾 80.0%
Feudal
—
Castle
—
Imperial
—
| APM avg | 12.7 |
| APM peak | 30 |
| eAPM avg | 3.1 |
| Villagers / military | 0 / 0 |
Focus
⚔️ 50.0% · 🌾 50.0%
Feudal
—
Castle
—
Imperial
—
| APM avg | 18.4 |
| APM peak | 44 |
| eAPM avg | 3.1 |
| Villagers / military | 0 / 0 |
Focus
⚔️ 33.3% · 🌾 66.7%
Feudal
—
Castle
—
Imperial
—
| APM avg | 14.2 |
| APM peak | 32 |
| eAPM avg | 7.4 |
| Villagers / military | 5 / 0 |
Focus
⚔️ 7.7% · 🌾 92.3%
Match map
Initial resources + every placement click. Lines = walls · curves = elevation contours. ◆ gold · ⬟ stone · ● berries · ✦ relic · ◌ wall gap
Your base
BøM_從小不缺鮑魚's base
Aliskandar's base
kampert's base
Predator's base
kuromi's base
叫我靓仔啊 扑街's base
torreschristian678's base
Smoothed initial terrain · ◌ = detected wall gap · hover for details
Inputs per minute
— rakzor.prototype - - BøM_從小不缺鮑魚
Build order — rakzor.prototype
5 actions detected in the replay
| 0:02 | Build | Town Center |
| 2:11 | Build | House |
| 2:12 | Build | House |
| 2:24 | Create | Villager (Male) ×4 |
| 3:04 | Build | Dock |
Build order — BøM_從小不缺鮑魚
8 actions detected in the replay
| 0:46 | Build | Town Center |
| 2:14 | Build | Dock |
| 2:16 | Build | House |
| 3:00 | Create | Villager (Male) |
| 3:01 | Create | Villager (Male) |
| 3:01 | Create | Villager (Male) |
| 3:02 | Create | Villager (Male) |
| 3:05 | Create | Villager (Male) |
Build order — Aliskandar
7 actions detected in the replay
| 0:57 | Build | Town Center |
| 2:09 | Build | Dock |
| 2:16 | Build | House |
| 3:00 | Create | Villager (Male) |
| 3:01 | Create | Villager (Male) |
| 3:01 | Create | Villager (Male) |
| 3:01 | Create | Villager (Male) |
Build order — kampert
1 actions detected in the replay
| 2:39 | Build | Town Center |
Build order — Predator
3 actions detected in the replay
| 0:36 | Build | Town Center |
| 0:59 | Build | House |
| 1:33 | Build | Dock |
Build order — kuromi
2 actions detected in the replay
| 0:25 | Build | Town Center |
| 0:31 | Build | Dock |
Build order — 叫我靓仔啊 扑街
3 actions detected in the replay
| 0:13 | Build | House |
| 0:59 | Build | Town Center |
| 1:31 | Build | Dock |
Build order — torreschristian678
8 actions detected in the replay
| 0:06 | Build | Town Center |
| 1:04 | Build | Dock |
| 1:44 | Build | House |
| 2:33 | Create | Villager (Male) |
| 2:33 | Create | Villager (Male) |
| 2:34 | Create | Villager (Male) |
| 2:34 | Create | Villager (Male) |
| 3:13 | Create | Villager (Male) |
Match timeline
| 0:31 | kuromi · first_building Dock |
| 1:04 | torreschristian678 · first_building Dock |
| 1:31 | 叫我靓仔啊 扑街 · first_building Dock |
| 1:33 | Predator · first_building Dock |
| 1:51 | kuromi · resign |
| 2:09 | Aliskandar · first_building Dock |
| 2:14 | BøM_從小不缺鮑魚 · first_building Dock |
| 3:04 | rakzor.prototype · first_building Dock |
[ AI ANALYSIS · 1 CREDIT ]
What really happened in this match?
Wolo.gg analyzes every decision: build order, eco, micro, common mistakes by bracket. Personalized analysis on WhatsApp or Discord in 30 seconds.
Civ guide
Celts
Perfil
Jugador #3395311